 Dungeon Crawl Stone Soup version 0.26.0-20-g3ca415f5b8 (webtiles) character file.

Game seed: 13680365268294727530

1804 dickylongcocking the Basher (level 8, -4/66 HPs)
             Began as a White Draconian Monk on Jan 25, 2021.
             Was a Follower of Ru.
             Slain by an orc warrior
             ... wielding a +0 flail
              (16 damage)
             ... on level 5 of the Dungeon.
             The game lasted 00:05:26 (6382 turns).

dickylongcocking the Basher (White Draconian Monk)  Turns: 6382, Time: 00:05:26

Health: -4/66      AC:  9    Str: 15    XL:     8   Next: 83%
Magic:  8/8        EV: 17    Int: 17    God:    Ru [*.....]
Gold:   261        SH:  0    Dex: 16    Spells: 7/7 levels left

rFire    . . .     SeeInvis .   r - +3 mace
rCold    + . .     Faith    .   (no shield)
rNeg     . . .     Spirit   .   (armour unavailable)
rPois    +         Reflect  .   (helmet restricted)
rElec    .         Harm     .   o - +2 cloak {Will+}
rCorr    .         Rampage  .   (no gloves)
Will     ++...                  (no boots)
Stlth    ..........             g - amulet of the acrobat
HPRegen  0.21/turn              l - +6 ring of intelligence
MPRegen  0.11/turn              (no ring)

@: short of breath
A: breathe frost, unfitting armour, antennae 1, agile 1, cold resistance 1,
strong-willed 1, poison resistance, cold-blooded, no stealth, disrupted magic 1,
AC +6
a: Breathe Frost, Renounce Religion


You were on level 5 of the Dungeon.
You worshipped Ru.
Ru was aware of your devotion.
You visited 1 branch of the dungeon, and saw 6 of its levels.

You collected 261 gold pieces.

Inventory:

Hand Weapons
 a - a +0 mace
 i - a +0 flail of draining
 q - a +1 mace of draining
 r - a +3 mace (weapon)
Armour
 k - a +1 cloak
 o - a +2 cloak of willpower (worn)
Jewellery
 g - an amulet of the acrobat (around neck)
 l - a +6 ring of intelligence (left hand)
 n - an uncursed amulet of magic regeneration
 t - a cursed ring of poison resistance {unknown}
Scrolls
 b - 11 scrolls of identify {unknown}
 c - a scroll of enchant armour {unknown}
 e - 2 scrolls of blinking {unknown}
 f - 3 scrolls of fog {unknown}
 h - 5 scrolls of teleportation {unknown}
 j - 3 scrolls of random uselessness {unknown}
 s - a scroll of immolation {unknown}
Potions
 d - a potion of attraction {unknown}
 m - a potion of haste {unknown}
 p - a potion of mutation
 u - a potion of invisibility {unknown}
 v - 2 potions of ambrosia {unknown}


   Skills:
 - Level 3.7 Fighting
 + Level 9.3 Maces & Flails
 + Level 7.0 Dodging


You had 7 spell levels left.
You didn't know any spells.
Your spell library was empty.

Dungeon Overview and Level Annotations

Branches:
Dungeon (6/15)
 Temple: D:4-7

Altars:
Kikubaaqudgha
Ru
Zin

Shops:
D:5 (

Portals:
Abyss: D:3

Annotations:
D:3 2 transporters, kaeus's ghost, amateur GrFE


Innate Abilities, Weirdness & Mutations

You can breathe waves of freezing cold.
You can buffet flying creatures when you breathe cold.
Your icy white scales are hard. (AC +6)
You cannot fit into any form of body armour.
Your flesh is cold resistant. (rC+)
You are cold-blooded and may be slowed by cold attacks.
You cannot be stealthy.
Your casting is slightly disrupted.
You have a pair of small antennae on your head.
You are agile. (Dex +2)
You are strong-willed. (Will+)
Your system is resistant to poisons. (rPois)


Message History

You completely miss the orc warrior.
The orc warrior is moderately wounded.
The orc warrior hits you but does no damage.
There is a stone staircase leading up, spattered with blood here.
The orc warrior hits you with a +0 flail!
* * * LOW HITPOINT WARNING * * *
You climb upwards.
There is a stone staircase leading down here.
Press: ? - help, Shift-Dir - straight line, f - orc warrior
Aim: an orc warrior, wielding a +0 flail, wearing a +0 chain mail and wearing an uncursed amulet of regeneration (moderately wounded)
You exhale a wave of freezing cold.
The freezing breath hits the orc warrior!
The orc warrior is severely wounded.
The orc warrior hits you with a +0 flail.
* * * LOW HITPOINT WARNING * * *
It was a potion of mutation.
You feel extremely strange.
You feel agile.
You feel strong-willed.
You feel resistant to poisons. A pair of antennae grows on your head!
The orc warrior hits you with a +0 flail!
You die...

.########.#.##.###.#####.###.# .#
#....................# .#
##...................# .###
#.###.###)####.####.# ...#
#.##...##.# #.# #.# ...#
#.#.....#.## #.# #.# ...#
#..........###.# #.# #.##
#........#.....## #.####
#.#########.....@...##...###.##..
.......(.).....o.#...........##.#
#.###########...##.........####.#
#)# ##.###..[......# #.# #.# ###
#.#.......# #.# #.# #.##.....##
#.# #.# #.###...## #.# #.# #.#
##.## #.# #.# ##.# #.# #.#


You could see an orc warrior.

Vanquished Creatures
  Grinder (D:3)
  Prince Ribbit (D:6)
  Duvessa (D:5)
  An ice beast (D:5)
  A black bear (D:5)
  A phantom (D:3)
  2 ogres
  A bullfrog (D:6)
  Dowan (D:5)
  A water moccasin skeleton (D:5)
  2 scorpions
  A howler monkey (D:4)
  A jelly (D:5)
  Crazy Yiuf (D:2)
  2 hounds (D:5)
  3 orc wizards (D:4)
  2 bullfrog skeletons (D:5)
  3 orc priests
  An iguana (D:6)
  A hound skeleton (D:5)
  9 adders
  2 white imps (D:5)
  An ufetubus (D:5)
  An adder skeleton (D:4)
  A worm (D:5)
  3 dart slugs
  2 leopard geckos
  20 orcs
  4 bat zombies (D:4)
  3 giant cockroaches
  A hobgoblin (D:1)
  6 jackals
  4 kobolds
  A quokka (D:5)
  2 ball pythons
  4 bats
  5 frilled lizards
  4 goblins
  2 quokka skeletons (D:4)
  11 rats
  2 rat zombies (D:4)
116 creatures vanquished.

Vanquished Creatures (others)
  3 fungi (D:2)
3 creatures vanquished.

Grand Total: 119 creatures vanquished

Notes
Turn   | Place    | Note
-------+----------+-------------------------------------------
     0 | D:1      | dickylongcocking the Draconian Monk began the quest for the
                  | Orb.
     0 | D:1      | Reached XP level 1. HP: 19/19 MP: 1/1
   313 | D:1      | Reached XP level 2. HP: 26/26 MP: 2/2
   772 | D:2      | Reached XP level 3. HP: 19/31 MP: 3/3
  1086 | D:2      | Found a sacrificial altar of Ru.
  1094 | D:2      | Became a worshipper of Ru the Awakened
  1112 | D:2      | Gained mutation: You cannot be stealthy. [Ru sacrifice]
  1625 | D:2      | Reached XP level 4. HP: 40/40 MP: 4/4
  1884 | D:2      | Found a runed translucent door.
  1885 | D:2      | Noticed Crazy Yiuf
  1945 | D:2      | Killed Crazy Yiuf
  1946 | D:2      | Reached skill level 4 in Maces & Flails
  2168 | D:3      | Noticed a small abomination
  2168 | D:3      | Noticed a toenail golem
  2169 | D:3      | Found a transporter.
  2173 | D:3      | Found a transporter.
  2202 | D:3      | Found a one-way gate to the infinite horrors of the Abyss.
  2202 | D:3      | Noticed kaeus's ghost (amateur GrFE)
  2352 | D:3      | Reached XP level 5. HP: 46/46 MP: 5/5
  2425 | D:3      | Noticed Grinder
  2446 | D:3      | Killed Grinder
  2447 | D:3      | Reached skill level 5 in Maces & Flails
  2447 | D:3      | Reached XP level 6. HP: 42/52 MP: 6/6
  2913 | D:4      | Found a glowing silver altar of Zin.
  2979 | D:4      | Reached skill level 6 in Maces & Flails
  2999 | D:4      | Your scales start taking on an icy white colour.
  2999 | D:4      | Reached XP level 7. HP: 7/52 MP: 7/7
  2999 | D:4      | Gained mutation: Your flesh is cold resistant. (rC+) [White
                  | Draconian growth]
  2999 | D:4      | HP: 2/52 [orc/+0 flail of draining (5)]
  3386 | D:4      | Reached skill level 5 in Dodging
  4189 | D:4      | Gained mutation: Your casting is slightly disrupted. [Ru
                  | sacrifice]
  4189 | D:4      | Reached * piety under Ru
  4577 | D:4      | Found an ancient bone altar of Kikubaaqudgha.
  4607 | D:5      | Entered Level 5 of the Dungeon
  4618 | D:5      | Reached skill level 7 in Maces & Flails
  4804 | D:5      | Found Qoharywn's Weapon Shoppe.
  4985 | D:5      | Reached XP level 8. HP: 42/66 MP: 8/8
  5435 | D:5      | Reached skill level 8 in Maces & Flails
  5492 | D:5      | Noticed Dowan
  5492 | D:5      | Noticed Duvessa
  5510 | D:5      | Killed Duvessa
  5512 | D:5      | Killed Dowan
  5768 | D:6      | Noticed Prince Ribbit
  5793 | D:6      | Killed Prince Ribbit
  5876 | D:6      | Reached skill level 9 in Maces & Flails
  6382 | D:5      | Gained mutation: You are agile. (Dex +2) [potion of
                  | mutation]
  6382 | D:5      | Gained mutation: You are strong-willed. (Will+) [potion of
                  | mutation]
  6382 | D:5      | Gained mutation: Your system is resistant to poisons.
                  | (rPois) [potion of mutation]
  6382 | D:5      | Gained mutation: You have a pair of small antennae on your
                  | head. [potion of mutation]
  6382 | D:5      | Slain by an orc warrior

Illustrated notes

Levels and vault maps discovered:
D:1:      minmay_arrival_arboretum_small, layout_loops_ring
D:2:      layout_loops_ring, nicolae_ru_sacrificial_ziggurat,
          uniq_crazy_yiuf_cottage
D:3:      layout_loops_ring, gammafunk_ghost_abyssal_escape, uniq_grinder
D:4:      layout_cave_pools, lemuel_crystal_altar,
          lemuel_zombie_altar_kikubaaqudgha, minmay_cupped
D:5:      layout_loops_ring, serial_shops, shop, uniq_duvessa
D:6:      layout_loops_ring, minmay_temple_entry_stoned_glass,
          minmay_misc_feat_doors, hangedman_minor_gate_pass, uniq_prince_ribbit1

Skill      XL: |  1  2  3  4  5  6  7  8 |
---------------+-------------------------+-----
Stealth        | 2 0 |  0.0
Dodging        | 3 4 6 7 |  7.0
Maces & Flails | 4 5 6 7 9 |  9.3
Fighting       | |  3.7

Action                   |  1- 3 |  4- 6 |  7- 9 || total
-------------------------+-------+-------+-------++-------
Melee: Mace              |   126 |    89 |   218 ||   433
       Tailslap          |    10 |     9 |    32 ||    51
       Flail             |       |       |    43 ||    43
Invok: Sacrifice Stealth |     1 |       |       ||     1
       Sacrifice Essence |       |       |     1 ||     1
 Abil: Breathe Frost     |       |       |     9 ||     9
  Use: Potion            |     2 |     7 |     2 ||    11
 Stab: Sleeping          |     6 |       |       ||     6
Armor: Skin              |    40 |    34 |    68 ||   142
Dodge: Dodged            |   121 |   116 |   288 ||   525
